 Dungeon Crawl Stone Soup version 0.18-a0-1060-g4fac74f (webtiles) character file.

229 namelastname112 the Ducker (level 5, -2/42 HPs)
             Began as a Draconian Wizard on Jan 12, 2016.
             Was an Initiate of Pakellas.
             Slain by a goblin
             ... wielding a +0 dagger
             ... led by Robin
              (5 damage)
             ... on level 4 of the Dungeon.
             The game lasted 00:05:33 (2535 turns).

namelastname112 the Ducker (Draconian Wizard)       Turns: 2535, Time: 00:05:33

Health: -2/42      AC:  5    Str:  9    XL:     5   Next: 71%
Magic:  9/9        EV: 12    Int: 19    God:    Pakellas [......]
Gold:   152        SH:  0    Dex: 10    Spells: 1 memorised, 9 levels left

rFire  . . .     SeeInvis .     e - +2 spear (venom)
rCold  + . .     Gourm    .     (armour unavailable)
rNeg   . . .     Faith    .     (no shield)
rPois  .         Spirit   .     a - +0 hat
rElec  .         Dismiss  .     (no cloak)
rCorr  .         Reflect  .     (no gloves)
SustAt .         Harm     +     (no boots)
MR     .....                    q - amulet of harm
Stlth  ++........               (no ring)
                                o - ring of protection from cold

@: not resistant to hostile enchantments, unstealthy
A: unfitting armour, cold-blooded, AC +5
a: Renounce Religion


You were on level 4 of the Dungeon.
You worshipped Pakellas.
Pakellas was noncommittal.
You were not hungry.

You visited 1 branch of the dungeon, and saw 4 of its levels.

You collected 152 gold pieces.

Inventory:

Hand Weapons
 e - a +2 spear of venom (weapon)
Missiles
 d - 8 javelins of penetration (quivered)
Armour
 a - a +0 hat (worn)
Jewellery
 o - a ring of protection from cold (left hand)
 q - an amulet of harm (around neck)
Scrolls
 f - 3 scrolls of identify {unknown}
 i - a scroll of enchant armour {unknown}
 j - a scroll of enchant weapon {unknown}
 k - a scroll of remove curse {unknown}
 l - a scroll of teleportation {unknown}
 m - a scroll of fog {unknown}
Potions
 g - a potion of lignification {unknown}
 h - a potion of curing
 p - a potion of resistance {unknown}
Books
 b - a book of Minor Magic

   Spells                             Type                      Level
   a - Magic Dart                     Conjuration                  1
   b - Blink                          Translocation                2
   c - Call Imp                       Summoning                    2
   d - Repel Missiles                 Charms/Air                   2
   e - Slow                           Hexes                        2
   f - Conjure Flame                  Conjuration/Fire             3
   g - Mephitic Cloud                 Conjuration/Poison/Air       3
 n - a book of Alchemy

   Spells                             Type                      Level
   a - Sublimation of Blood           Necromancy                   2
   b - Ignite Poison                  Fire/Transmutation/Poison    3
   c - Condensation Shield            Ice                          4
   d - Petrify                        Transmutation/Earth          4
   e - Alistair's Intoxication        Transmutation/Poison         5
   f - Irradiate                      Conjuration/Transmutation    5
Comestibles
 c - 3 bread rations
 r - a chunk of flesh


   Skills:
 + Level 2.5 Fighting
 * Level 3.1 Polearms
 + Level 3.3 Dodging
 - Level 1.7 Stealth
 - Level 3.0 Spellcasting
 - Level 1.0 Conjurations
   Level 1.0 Summonings
   Level 1.0 Translocations
 * Level 1.8 Evocations


You had 9 spell levels left.
You knew the following spells:

 Your Spells              Type           Power        Failure   Level  Hunger
z - Magic Dart            Conj           #...         12%         1    None


Dungeon Overview and Level Annotations

Branches:
Dungeon (4/15)
 Temple: D:4-7

Altars:
Nemelex Xobeh
Pakellas
Ru

Shops:
D:4 %

Annotations:
D:3 cireshan's ghost, amateur GrEE


Innate Abilities, Weirdness & Mutations

Your plain brown scales are hard (AC +5).
Your body does not fit into most forms of armour.
You are cold-blooded and may be slowed by cold attacks.


Message History

The hobgoblin barely misses you. The hobgoblin hits you with a club.
* * * LOW HITPOINT WARNING * * *
You hit the hobgoblin but do no damage.
The hobgoblin is poisoned.
Your tail-slap misses the hobgoblin.
The goblin hits you.
* * * LOW HITPOINT WARNING * * *
The goblin closely misses you. The hobgoblin hits you.
* * * LOW HITPOINT WARNING * * *
The hobgoblin barely misses you.
Unknown command.
You barely miss the hobgoblin.
The hobgoblin is heavily wounded.
You kill the hobgoblin!
Pakellas accepts your kill. The goblin closely misses you.
The goblin hits you with a dagger.
* * * LOW HITPOINT WARNING * * *
A hobgoblin comes into view.
You closely miss the hobgoblin.
The hobgoblin shouts!
The goblin closely misses you. The goblin hits you with a dagger.
You die...

..................
######.#.g##.#### #.#.∩# #
#.#..##.# #########
#.#.....# ##
........######.##8#### #.#
#.....#.##......g.# #.#
#.....#.##.....#g#####.# ##
#..............g@gO...## #.#
#.....#.##.)...#g#####.###.#
#.....#.##.......# ##.#.#
........#........# ##.#
##....##....####.# ##..#
####......### ..# #...#
..####..### .## ##.##
....##### # #.# ....# ###
##.######


You could see an ogre, 2 hobgoblins and 4 goblins.

Vanquished Creatures
  A giant frog (D:3)
  2 orc priests (D:3)
  A gnoll (D:1)
  3 adders
  2 worms
  3 giant geckos
  4 orcs
  4 bats
  5 giant cockroaches
  6 goblins
  8 hobgoblins
  4 jackals (D:2)
  7 kobolds
  A quokka (D:2)
  A ball python (D:1)
  A giant newt (D:4)
  6 rats (D:1)
59 creatures vanquished.

Notes
Turn   | Place    | Note
--------------------------------------------------------------
     0 | D:1      | namelastname112 the Draconian Wizard began the quest for the Orb.
     0 | D:1      | Reached XP level 1. HP: 14/14 MP: 4/4
   291 | D:1      | Reached skill level 1 in Fighting
   314 | D:1      | Reached XP level 2. HP: 21/23 MP: 1/6
   599 | D:1      | Reached skill level 1 in Polearms
   748 | D:1      | Reached XP level 3. HP: 28/28 MP: 7/7
  1114 | D:2      | Found a sacrificial altar of Ru.
  1136 | D:2      | Found a sparkling altar of Nemelex Xobeh.
  1466 | D:3      | Noticed cireshan's ghost (amateur GrEE)
  1539 | D:3      | Reached XP level 4. HP: 17/36 MP: 6/8
  1904 | D:3      | Found an oddly glowing altar of Pakellas.
  1930 | D:3      | Became a worshipper of Pakellas the Inventive
  2031 | D:3      | Reached skill level 1 in Evocations
  2031 | D:3      | Reached XP level 5. HP: 10/42 MP: 9/9
  2371 | D:4      | Found Iminiom's Food Shop.
  2437 | D:4      | Noticed an ogre
  2535 | D:4      | Slain by a goblin

Vault maps used:
D:1:      lemuel_arrival_broad_hall
D:2:      lemuel_crystal_altar, hangedman_ru_absence
D:3:      grunt_pakellas_basics, nicolae_overflow_hidden_temple
D:4:      marbit_many_paths, serial_shops, shop_statue, minmay_misc_feat_x,
          st_stairs_8, uniq_robin

Action                   |  1- 3 |  4- 6 || total
-------------------------+-------+-------++-------
Melee: Unarmed           |    13 |       ||    13
       Spear             |    66 |    73 ||   139
Throw: Javelin           |     4 |       ||     4
 Cast: Magic Dart        |    22 |    12 ||    34
  Use: Potion            |       |     1 ||     1
 Stab: Sleeping          |     2 |     3 ||     5
  Eat: Chunk             |     2 |     3 ||     5
